 Dungeon Crawl Stone Soup version 0.20-a0-522-g0b37eee (webtiles) character file.

135 Lahna the Twirler (level 4, -1/35 HPs)
             Began as a Demonspawn Gladiator on Jan 26, 2017.
             Slain by Grinder (7 damage)
             ... on level 3 of the Dungeon.
             The game lasted 00:03:24 (2139 turns).

Lahna the Twirler (Demonspawn Gladiator)            Turns: 2139, Time: 00:03:25

Health: -1/35      AC: 13    Str: 15    XL:     4   Next: 96%
Magic:  4/4        EV: 11    Int: 10    God:
Gold:   101        SH:  0    Dex: 14    Spells: 3/3 levels left

rFire    . . .     SeeInvis .   a - +0 quarterstaff
rCold    . . .     Gourm    .   o - +0 scale mail
rNeg     . . .     Faith    .   (shield currently unavailable)
rPois    .         Spirit   .   c - +0 helmet
rElec    .         Reflect  .   (no cloak)
rCorr    .         Harm     .   (no gloves)
MR       .....                  (no boots)
Stlth    ..........             (no amulet)
Regen    0.2/turn               g - +4 ring of protection
                                e - ring of wizardry

@: no status effects
A: hooves 1, yellow scales 1
a: no special abilities


You were on level 3 of the Dungeon.
You were not hungry.

You visited 1 branch of the dungeon, and saw 3 of its levels.

You collected 101 gold pieces.

Inventory:

Hand Weapons
 a - a +0 quarterstaff (weapon)
Missiles
 d - 3 throwing nets (quivered)
Armour
 c - a +0 helmet (worn)
 o - a +0 scale mail (worn)
Jewellery
 e - a ring of wizardry (left hand)
 g - a +4 ring of protection (right hand)
Scrolls
 i - 2 scrolls of remove curse
 j - 5 scrolls of identify {unknown}
 k - a scroll of immolation {unknown}
 l - a scroll of enchant armour {unknown}
 m - a scroll of enchant weapon {unknown}
Potions
 n - 2 potions of berserk rage {unknown}
Comestibles
 f - a bread ration
 h - 4 chunks of flesh


   Skills:
 + Level 3.2 Fighting
 + Level 3.5 Staves
 - Level 1.7 Throwing
 + Level 1.5 Armour
 - Level 3.4 Dodging


You had 3 spell levels left.
You didn't know any spells.

Dungeon Overview and Level Annotations

Branches:
Dungeon (3/15)

Altars:

Annotations:
D:3 Grinder


Innate Abilities, Weirdness & Mutations

You have large cloven feet.
You are partially covered in yellow scales. (AC +2)


Message History

You closely miss Grinder. You kick Grinder, but do no damage.
Grinder is heavily wounded.
Grinder hits you but does no damage.
You completely miss Grinder.
Grinder is heavily wounded.
Grinder barely misses you. Grinder hits you.
* * * LOW HITPOINT WARNING * * *
You completely miss Grinder. Your kick misses Grinder.
Grinder is heavily wounded.
Grinder barely misses you.
You barely miss Grinder. You kick Grinder, but do no damage.
Grinder is heavily wounded.
Grinder hits you.
* * * LOW HITPOINT WARNING * * *
You writhe in agony.
* * * LOW HITPOINT WARNING * * *
You sock Grinder! You kick Grinder, but do no damage.
Grinder is almost dead.
Grinder hits you!
You die...

##........#......
#.........#.....#
#........#......#
#................
#....##........#
#....##........##
####....%..........
#..)(..(........... . #...
#.##......@.......... .#...
#.##......5........(...#...
#.##.............##... ....
#.##........#######..###...
#.##........# #..#....#
#.########### #..#.##.# #.#
#..#.##.# ###.# #.......#
#...# ##.#.#...


You could see Grinder.

Vanquished Creatures
  Natasha (D:3)
  4 adders (D:2)
  An ooze (D:1)
  3 dart slugs
  2 leopard geckos
  2 orcs (D:3)
  9 bats
  A giant cockroach (D:1)
  8 hobgoblins
  2 quokkas (D:2)
  3 ball pythons (D:2)
  5 frilled lizards (D:2)
  5 goblins
  9 kobolds
  4 rats
59 creatures vanquished.

Notes
Turn   | Place    | Note
-------+----------+-------------------------------------------
     0 | D:1      | Lahna the Demonspawn Gladiator began the quest for the Orb.
     0 | D:1      | Reached XP level 1. HP: 16/16 MP: 1/1
   273 | D:1      | Gained mutation: You have large cloven feet. [demonic ancestry]
   273 | D:1      | Reached XP level 2. HP: 22/22 MP: 2/2
   870 | D:1      | Reached XP level 3. HP: 28/28 MP: 3/3
  1613 | D:2      | Gained mutation: You are partially covered in yellow scales. (AC +2) [demonic ancestry]
  1613 | D:2      | Reached XP level 4. HP: 34/34 MP: 4/4
  1664 | D:2      | Reached skill level 1 in Armour
  2032 | D:3      | Noticed Natasha
  2040 | D:3      | Killed Natasha
  2087 | D:3      | Noticed Grinder
  2093 | D:3      | Paralysed by Grinder for 7 turns
  2139 | D:3      | Slain by Grinder

Vault maps used:
D:1:      onia_arrival_pentagram, grunt_decor_arrowhead
D:2:      minmay_diamond_boxcup
D:3:      first_bread, minmay_three_crescents, uniq_grinder, uniq_natasha

Skill      XL: |  1  2  3  4 |
---------------+-------------+-----
Dodging        | 3 |  3.4
Staves         | 3 |  3.5
Armour         | 1 |  1.5
Fighting       | 3 |  3.2
Throwing       | |  1.7

Action                   |  1- 3 |  4- 6 || total
-------------------------+-------+-------++-------
Melee: Quarterstaff      |   111 |    74 ||   185
       Kick              |    21 |    18 ||    39
  Use: Scroll            |     1 |       ||     1
 Stab: Sleeping          |       |     1 ||     1
  Eat: Chunk             |     2 |     2 ||     4
Armor: Leather armour    |    31 |    15 ||    46
       Scale mail        |       |    20 ||    20
Dodge: Dodged            |    79 |    54 ||   133
